 Dungeon Crawl Stone Soup version 0.30-a0-620-g0e44632947 (webtiles) character file.

Game seed: 14869786853781368195

9 Dartaoz the Sneak (level 2, 0/16 HPs)
             Began as a Kobold Enchanter on Jan 10, 2023.
             Slain by a ball python (3 damage)
             ... on level 1 of the Dungeon.
             The game lasted 00:02:50 (303 turns).

Dartaoz the Sneak (Kobold Enchanter)                 Turns: 303, Time: 00:02:50

Health: 0/16       AC:  3    Str:  5    XL:     2   Next: 20%
Magic:  5/5        EV: 14    Int: 16    God:
Gold:   26         SH:  0    Dex: 15    Spells: 5/5 levels left

rFire   . . .      SeeInvis .    a - +1 dagger
rCold   . . .      Faith    .    (no shield)
rNeg    . . .      Spirit   .    f - +0 leather armour
rPois   .          Reflect  .    (no helmet)
rElec   .          Harm     .    (no cloak)
rCorr   .          Rampage  .    (no gloves)
Will    .....                    (no boots)
Stlth   +++                      (no amulet)
HPRegen 0.22/turn                (no ring)
MPRegen 0.09/turn                (no ring)

@: no status effects
A: small, no large weapons, nightstalker 3
a: no special abilities


You were on level 1 of the Dungeon.
You visited 1 branch of the dungeon, and saw 1 of its levels.

You collected 26 gold pieces.

Inventory:

Hand Weapons
 a - a +1 dagger (weapon)
Armour
 b - a +0 robe
 f - a +0 leather armour (worn)
Potions
 c - 2 potions of invisibility
 d - 2 potions of degeneration {unknown}
 e - a potion of berserk rage {unknown}


   Skills:
 + Level 0.4 Fighting
 + Level 1.7 Short Blades
 + Level 2.5 Dodging
 + Level 4.1 Stealth
 + Level 2.3 Spellcasting
 + Level 3.1 Hexes


You had 5 spell levels left.
You didn't know any spells.
Your spell library contained the following spells:

 Spells                   Type           Power      Damage    Failure   Level
 Ensorcelled Hibernation  Hex/Ice        12%        N/A       26%         2
 Confusing Touch          Hex            11%        N/A       28%         3
 Tukima's Dance           Hex            11%        N/A       28%         3
 Dazzling Flash           Conj/Hex       12%        N/A       47%         3


Dungeon Overview and Level Annotations

Branches:
Dungeon (1/15)

Altars:

Shops:
D:1 [


Innate Abilities, Weirdness & Mutations

You are small and have problems with some larger weapons.
You are completely attuned to the shadows.


Message History

The ball python barely misses you. x3; The ball python closely misses you.
You closely miss the ball python. The ball python barely misses you.
The ball python grabs you. The ball python constricts you.
You closely miss the ball python.
The ball python bites you but does no damage.
The ball python constricts you.
You completely miss the ball python. The endoplasm hits you.
The ball python bites you. The ball python constricts you.
You hit the ball python.
The ball python is moderately wounded.
The ball python bites you but does no damage.
The ball python constricts you. The endoplasm hits you.
You are too injured to fight recklessly!
You are too injured to fight recklessly!
The ball python's grasp on you weakens, but your attempt to escape fails.
The ball python bites you but does no damage.
The ball python constricts you. The endoplasm freezes you.
You are frozen.
* * * LOW HITPOINT WARNING * * *
You escape the ball python's grasp.
The ball python attacks as you move away!
The ball python closely misses you. The ball python barely misses you.
The endoplasm closely misses you.
The ball python attacks as you move away!
The ball python closely misses you. The ball python barely misses you.
The ball python closely misses you. The ball python misses you.
The ball python attacks as you move away!
The ball python bites you.
* * * LOW HITPOINT WARNING * * *
The ball python misses you.
The ball python attacks as you move away!
The ball python bites you.
* * * LOW HITPOINT WARNING * * *
The ball python barely misses you.
The ball python attacks as you move away!
The ball python barely misses you. The ball python closely misses you.
The ball python attacks as you move away!
The ball python bites you.
You die...

#..#####.........
#..#:!$#..#.#####
#..#$?)#........
#..#[)[#..#.####
#####..#.####
............#
....J........
.###S###.####......#
#@g...>..........
#.#..............
#...........†....
#.#...####........
##..........#......
............#...[..
##..........#.##...
#..........#.)....
#..........####...


You could see an endoplasm, a hobgoblin and a ball python.

Vanquished Creatures
  A bat (D:1)
  An endoplasm (D:1)
  A hobgoblin (D:1)
  2 kobolds (D:1)
  A quokka (D:1)
  A ball python (D:1)
  A rat (D:1)
8 creatures vanquished.

Notes
Turn   | Place    | Note
-------+----------+-------------------------------------------
     0 | D:1      | Dartaoz the Kobold Enchanter began the quest for the Orb.
     0 | D:1      | Reached XP level 1. HP: 10/10 MP: 3/3
   115 | D:1      | Found Idecekh's Antique Armour Shop.
   129 | D:1      | Reached XP level 2. HP: 2/16 MP: 5/5
   303 | D:1      | Slain by a ball python

Illustrated notes

Levels and vault maps discovered:
D:1:      dpeg_arrival_chambers_temple_mockup, layout_basic, serial_shops, shop,
          hellmonk_ecumenical_altar_crossroads, due_unseen_surprise

Action                   || total
-------------------------++-------
Melee: Dagger            ||    24
 Stab: Sleeping          ||     4
Armor: Robe              ||     1
       Leather armour    ||     3
Dodge: Dodged            ||    24

Table legend: (Time is in decaauts)
 A = Elapsed time spent in this place.
 B = Non-inter-level travel time spent in this place.
 C = Inter-level travel time spent in this place.
 D = Time resting spent in this place.
 E = Time spent auto-exploring this place.
 F = Levels seen in this place.
 G = Mean time per level.
                   A        B        C        D        E       F      G
               +--------+--------+--------+--------+--------+-----+--------+
         Total |    301 |    301 |      0 |      0 |    206 |   1 |  301.0 |
       Dungeon |    301 |    301 |      0 |      0 |    206 |   1 |  301.0 |
               +--------+--------+--------+--------+--------+-----+--------+

Top non-repeatable levels by time:
     D:1: 301 daAuts
